 Dungeon Crawl Stone Soup version 0.26.1-11-gd32895ea62 (webtiles) character file.

Game seed: 5493450439573326794

63 Zeld the Twirler (level 4, -1/29 HPs)
             Began as an Octopode Gladiator on May 22, 2021.
             Slain by a gnoll
             ... wielding a +0 spear
              (8 damage)
             ... on level 2 of the Dungeon.
             The game lasted 00:00:39 (358 turns).

Zeld the Twirler (Octopode Gladiator)                Turns: 358, Time: 00:00:39

Health: -1/29      AC:  1    Str: 14    XL:     4   Next: 10%
Magic:  4/4        EV: 14    Int: 10    God:
Gold:   40         SH:  0    Dex: 13    Spells: 3/3 levels left

rFire    . . .     SeeInvis .   a - +0 quarterstaff
rCold    . . .     Faith    .   (shield currently unavailable)
rNeg     . . .     Spirit   .   b - +0 hat
rPois    .         Reflect  .   (no amulet)
rElec    .         Harm     .   (no ring)
rCorr    .         Rampage  .   (no ring)
Will     .....                  (no ring)
Stlth    ++........             (no ring)
HPRegen  0.09/turn              (no ring)
MPRegen  0.09/turn              (no ring)
                                (no ring)
                                (no ring)

@: no status effects
A: almost no armour, stealthy swim, amphibious, 8 rings, constrict 8, camouflage
1, gelatinous body 1
a: no special abilities


You were on level 2 of the Dungeon.
You visited 1 branch of the dungeon, and saw 2 of its levels.

You collected 40 gold pieces.

Inventory:

Hand Weapons
 a - a +0 quarterstaff (weapon)
Missiles
 c - 3 throwing nets (quivered)
Armour
 b - a +0 hat (worn)
Scrolls
 d - a scroll of amnesia {unknown}
 f - a scroll of remove curse {unknown}
Potions
 e - a potion of degeneration {unknown}


   Skills:
 - Level 2.0 Fighting
 * Level 4.8 Staves
 - Level 2.0 Throwing
 - Level 3.0 Dodging


You had 3 spell levels left.
You didn't know any spells.
Your spell library was empty.

Dungeon Overview and Level Annotations

Branches:
Dungeon (1/15)

Altars:


Innate Abilities, Weirdness & Mutations

You cannot wear most types of armour.
You are very stealthy in the water. (Stealth+)
You are amphibious.
You can wear up to eight rings at the same time.
You can use your tentacles to constrict eight enemies at once.
Your skin changes colour to match your surroundings (Stealth+).
Your rubbery body absorbs attacks. (AC +1, EV +1)


Message History

You see here a +0 whip.
The gnoll shouts! x2
You hit the gnoll but do no damage. Your grab misses the gnoll.
The gnoll misses you.
You hit the gnoll. You grab the gnoll. You squeeze the gnoll.
The gnoll is severely wounded.
You constrict the gnoll. The gnoll hits you with a +0 club.
The gnoll hits you from afar with a +0 spear!
You sock the gnoll!
You kill the gnoll!
The gnoll barely misses you.
You have reached level 4!
The gnoll hits you with a +0 spear!
* * * LOW HITPOINT WARNING * * *
You completely miss the gnoll. You grab the gnoll. You constrict the gnoll.
The gnoll hits you but does no damage.
You hit the gnoll but do no damage. You squeeze the gnoll.
The gnoll is moderately wounded.
You constrict the gnoll. The gnoll hits you with a +0 spear!
You die...

......g.......#.#####
..............#.#
####..........#.#
#......†...#.#
#..........#.#
#..........#.#
#..........#.#
#.........)#.#
...........g@).#
###..........###
############


You could see a gnoll.

Vanquished Creatures
  A hound (D:2)
  2 gnolls (D:2)
  A dart slug (D:2)
  3 bats
  A giant cockroach (D:2)
  A goblin (D:1)
  A hobgoblin (D:2)
  A quokka (D:2)
  A frilled lizard (D:1)
  2 kobolds (D:2)
  A rat (D:2)
15 creatures vanquished.

Notes
Turn   | Place    | Note
-------+----------+-------------------------------------------
     0 | D:1      | Zeld the Octopode Gladiator began the quest for the Orb.
     0 | D:1      | Reached XP level 1. HP: 14/14 MP: 1/1
    74 | D:1      | You fall into a shaft and drop 1 floor!
    89 | D:2      | Reached XP level 2. HP: 11/19 MP: 2/2
   262 | D:2      | Reached skill level 4 in Staves
   262 | D:2      | Reached XP level 3. HP: 24/24 MP: 3/3
   356 | D:2      | Reached XP level 4. HP: 16/29 MP: 4/4
   358 | D:2      | Slain by a gnoll

Illustrated notes

Levels and vault maps discovered:
D:1:      eino_arrival_cavern_b, layout_loops_ring, chequers_avenue,
          wander_ebering_terrifying_dragon_lair
D:2:      layout_basic

Skill      XL: |  1  2 |
---------------+-------+-----
Staves         | 4 |  4.8
Fighting       | |  2.0
Throwing       | |  2.0
Dodging        | |  3.0

Action                   |  1- 3 |  4- 6 || total
-------------------------+-------+-------++-------
Melee: Quarterstaff      |    31 |     2 ||    33
       Constrict         |     8 |     1 ||     9
       Tentacles         |     6 |     1 ||     7
 Stab: Sleeping          |     2 |       ||     2
Armor: Skin              |     3 |       ||     3
Dodge: Dodged            |    30 |       ||    30
